 Dungeon Crawl Stone Soup version 0.21-a0-70-g32e1473 (webtiles) character file.

359414 xgamer67 the Markshuman (level 23, -5/168 HPs)
             Began as a Human Monk on June 18, 2017.
             Was the Champion of Hepliaklqana.
             Slain by an iron troll (40 damage)
             ... on level 2 of the Depths.
             The game lasted 03:03:40 (63439 turns).

xgamer67 the Markshuman (Human Monk)               Turns: 63439, Time: 03:03:40

Health: -5/168     AC: 40    Str: 18    XL:     23   Next: 44%
Magic:  30/30      EV: 20    Int: 10    God:    Hepliaklqana [******]
Gold:   252        SH:  0    Dex: 20    Spells: 21/22 levels left

rFire    . . .     SeeInvis .   a - +7 longbow (freeze)
rCold    . . .     Gourm    +   (shield currently unavailable)
rNeg     + + .     Faith    .   J - +7 chain mail "Dashuw" {+Inv rN++ Int-5}
rPois    .         Spirit   .   e - +2 helmet
rElec    .         Reflect  .   c - +2 cloak
rCorr    .         Harm     .   i - +2 pair of gloves
MR       +....                  W - +2 pair of boots of the Assassin {Detection Stab+ Stlth++}
Stlth    +++.......             o - amulet of the gourmand
HPRegen  0.38/turn              M - +5 ring of strength
MPRegen  0.22/turn              t - +5 ring of protection

@: no status effects
A: reduced essence
}: 2/15 runes: decaying, gossamer
a: Recall Ancestor, Ancestor Identity, Transference, Idealise, Renounce
Religion, Evoke Invisibility


You were on level 2 of the Depths.
You worshipped Hepliaklqana.
Hepliaklqana was exalted by your worship.
You were completely stuffed.

You visited 7 branches of the dungeon, and saw 37 of its levels.

You collected 4264 gold pieces.
You spent 4012 gold pieces at shops.

Inventory:

Hand Weapons
 a - a +7 longbow of freezing (weapon)
 b - the +8 autumn katana {slice, Clar}
   (You took it off a spriggan defender on level 1 of the Depths)

   It inflicts extra damage upon your enemies.
   It protects you against confusion.
Missiles
 f - 385 arrows (quivered)
Armour
 c - a +2 cloak (worn)
 e - a +2 helmet (worn)
 g - the +4 pair of boots of the Desolation of Salt {rN+ MR+ Str-5 Int+3}
   (You bought it in a shop on level 1 of the Depths)

   It affects your strength (-5).
   It affects your intelligence (+3).
   It protects you from negative energy.
   It affects your resistance to hostile enchantments.
 i - a +2 pair of gloves (worn)
 J - the +7 chain mail "Dashuw" (worn) {+Inv rN++ Int-5}
   (You bought it in a shop on level 1 of the Depths)

   It affects your intelligence (-5).
   It greatly protects you from negative energy.
   It lets you turn invisible.
 W - the +2 pair of boots of the Assassin (worn) {Detection Stab+ Stlth++}
   (You acquired it on level 4 of the Lair of Beasts)

   It makes you much more stealthy.
Jewellery
 o - an amulet of the gourmand (around neck)
 r - an uncursed ring of see invisible
 t - a +5 ring of protection (right hand)
 B - an uncursed ring of poison resistance
 D - an uncursed amulet of rage
 M - a +5 ring of strength (left hand)
 Q - an uncursed ring of protection from fire
Wands
 d - a wand of paralysis (10/24)
 j - a wand of acid (2/15)
 s - a wand of scattershot (2/9)
 x - a wand of iceblast (5/15)
 z - a wand of disintegration (14/24)
 K - a wand of clouds (5/9)
 P - a wand of polymorph (5/24)
 S - a wand of digging (11/24)
Scrolls
 l - a scroll of summoning
 q - a scroll of blinking
 u - a scroll of fear
 v - 7 scrolls of fog
 y - 4 scrolls of teleportation
 F - 12 scrolls of remove curse
 G - a scroll of brand weapon
 L - a scroll of holy word
 O - 2 scrolls of magic mapping
 Z - 5 scrolls of recharging
Potions
 h - 2 potions of haste
 k - 10 potions of curing
 n - 2 potions of cancellation
 w - 7 potions of ambrosia
 E - 3 potions of flight
 I - 5 potions of might
 N - 5 potions of brilliance
 R - 8 potions of mutation
 T - a potion of invisibility
 U - 2 potions of berserk rage
 V - a potion of resistance
 X - 3 potions of agility
 Y - 3 potions of heal wounds
Miscellaneous
 m - a lamp of fire (inert)
 H - a fan of gales
Comestibles
 p - 6 chunks of flesh
 A - 20 meat rations


   Skills:
 - Level 17.0 Fighting
 + Level 4.8 Long Blades
   Level 3.0 Maces & Flails
 - Level 20.0 Bows
 - Level 15.0 Armour
 - Level 19.0 Dodging
 - Level 7.0 Stealth
 - Level 10.0 Invocations
 - Level 10.5 Evocations


You had 21 spell levels left.
You knew the following spells:

 Your Spells              Type           Power        Failure   Level  Hunger
a - Summon Butterflies    Summ           #.......     94%         1    ##.....


Dungeon Overview and Level Annotations

Branches:
Dungeon (15/15)            Temple (0/1) D:4            Lair (6/6) D:9
  Swamp (4/4) Lair:3       Spider (4/4) Lair:4        Slime (0/5) Lair:5
    Orc (2/2) D:9             Elf (0/3) Orc:2        Vaults (4/5) D:14
  Crypt (0/3) Vaults:3     Depths (2/5) D:15

Altars:
Cheibriados
Dithmenos
Elyvilon
Fedhas
Hepliaklqana
Kikubaaqudgha
Makhleb
Okawaru
Ru
Sif Muna
Trog
Uskayaw
Wu Jian
Xom
Zin
The Shining One

Shops:
Orc:1 *   Orc:2 }*(!   Vaults:2 ?   Vaults:3 =   Vaults:4 [   Depths:1 [

Portals:
Hell: Depths:1 Depths:2
Pandemonium: Orc:2
Ziggurat: Depths:2

Annotations:
Vaults:2 !MENNAS, Mennas
Vaults:4 exclusion: 4 hell knights, Margery


Message History

The trail of fire hits the white very ugly thing.
The white very ugly thing is severely wounded.
The trail of fire hits the iron troll.
The iron troll resists.
The iron troll is severely wounded.
The trail of fire hits the white very ugly thing.
The white very ugly thing is severely wounded.
The white very ugly thing is engulfed in blazing flames.
The iron troll completely misses you.
The iron troll claws you but does no damage.
The iron troll claws you!!
* * * LOW HITPOINT WARNING * * *
The white very ugly thing is engulfed in blazing flames.
You kill the white very ugly thing!
You feel much better.
The iron troll is engulfed in blazing flames.
The iron troll misses you. The iron troll claws you!
* * * LOW HITPOINT WARNING * * *
The iron troll claws you but does no damage.
You feel much better. The iron troll bites you!!!
You die...

......... .........
### ......... ..#
..T...... #.#
...T..... #.#
.T.....>>..' #.#
.<.........# #.#
#G.........# #.#
#....(..(..# #@#
#u.....(...# #T#
#..........#####§##
#....(...(......§§#
#.............(#§§#
#..........(.((§.§#
....######..§§.#
... ...#..§.# .
###.#+....#


You could see an iron troll.

Vanquished Creatures
  Frederick (Vaults:3)
  Bai Suzhen (Vaults:2)
  A deep elf blademaster (Depths:1)
  Asterion (Spider:1)
  A sphinx (Vaults:1)
  2 thorn hunters
  Roxanne (Swamp:3)
  2 fire giants
  Aizul (Spider:4)
  A frost giant (Depths:2)
  6 vault wardens
  A deep elf sorcerer (Vaults:1)
  3 ghost moths
  A ghoul (Vaults:3)
  4 emperor scorpions
  An ironheart preserver (Vaults:2)
  7 very ugly things
  2 entropy weavers
  6 stone giants
  2 deep elf annihilators
  10 spark wasps
  Azrael (Spider:3)
  A deep elf death mage (D:14)
  A jiangshi (Depths:1)
  Snorg (Lair:6)
  2 ettins
  8 fire dragons
  A great orb of eyes (Depths:2)
  5 yaktaur captains
  A deep elf high priest (D:14)
  2 rakshasas
  An ice dragon (D:15)
  5 ogre magi
  A vault guard (D:14)
  25 hydras
  A catoblepas (Lair:6)
  2 death knights
  6 centaur warriors
  3 deep troll shamans
  2 deep troll earth magi
  21 two-headed ogres
  6 alligators
  5 death yaks (Lair:6)
  7 death scarabs (Spider:4)
  4 tengu warriors
  4 orc high priests (Orc:2)
  Urug (Lair:5)
  3 deep elf knights
  A sun demon (Depths:2)
  Sonja (D:13)
  6 spriggans
  6 skeletal warriors
  6 swamp dragons (Swamp:4)
  9 deep trolls
  4 wizards
  2 spriggan druids
  A flayed ghost (Vaults:2)
  An unseen horror (Vaults:1)
  3 glowing orange brains
  An unseen horror (shapeshifter) (D:15)
  An infernal demonspawn (Orc:2)
  A deep troll (shapeshifter) (D:14)
  A spectral wolf spider (Spider:4)
  3 shambling mangroves
  A gelid demonspawn (Orc:2)
  11 ironbrand convokers
  4 orc knights
  A phantasmal warrior (Vaults:2)
  5 deep elf magi
  15 orb spiders
  A necromancer (Vaults:3)
  2 wolf spider zombies
  3 orc sorcerers (Orc:2)
  2 fauns
  20 wolf spiders
  24 ugly things
  4 manticores
  2 human zombies (Vaults:3)
  5 cyclopes
  A salamander (Depths:1)
  A moth of wrath (Spider:4)
  2 elephants (Lair:6)
  9 vault sentinels
  A stone giant skeleton (Vaults:3)
  A torpor snail (Lair:4)
  5 spiny frogs
  4 spectral redbacks (Spider:4)
  25 yaktaurs
  A kobold demonologist (D:12)
  8 demonic crawlers
  An ice devil (Orc:2)
  2 freezing wraiths
  3 komodo dragons
  3 red devils (Orc:2)
  2 tengu conjurers (D:15)
  2 redback zombies (Spider:4)
  A queen bee (shapeshifter) (Depths:1)
  A polar bear (Lair:5)
  27 jumping spiders
  6 meliai (D:15)
  3 tyrant leeches
  4 trolls
  2 spectral jumping spiders (Spider:4)
  A hippogriff (shapeshifter) (Depths:2)
  2 tarantella zombies (Spider:4)
  15 hornets
  A bog body (Swamp:3)
  11 slime creatures
  6 blink frogs
  8 dream sheep
  2 hippogriffs
  48 redbacks
  27 tarantellas
  2 wyverns
  2 shadows
  A wraith (D:11)
  2 fire elementals (Spider:3)
  35 yaks
  4 fire bats (Lair:5)
  A human (shapeshifter) (Vaults:4)
  2 chaos spawn (Orc:2)
  4 hogs (Lair:5)
  A hungry ghost (D:7)
  A yaktaur simulacrum (Vaults:3)
  Grum (D:9)
  A basilisk (Lair:6)
  A steam dragon (Lair:3)
  11 vampire mosquitoes
  2 wargs (Orc:1)
  A soldier ant (D:13)
  2 acid dragons
  13 swamp worms
  10 water moccasins
  2 spectral hornets (Spider:4)
  2 hell hounds (Spider:3)
  4 porcupines
  A deep troll skeleton (Vaults:3)
  8 swamp drakes
  An ice beast (shapeshifter) (Vaults:2)
  3 sky beasts
  2 necrophages
  25 orc warriors
  2 ice beasts (D:8)
  10 boggarts
  An eye of draining (D:9)
  4 centaurs
  18 ogres
  A phantom (D:9)
  27 wolves
  9 crocodiles
  4 big kobolds
  17 bullfrogs
  A wyvern zombie (D:10)
  A wyvern skeleton (D:12)
  4 scorpions
  10 killer bees
  2 wights (D:15)
  An electric eel (Spider:1)
  A lava snake (Lair:5)
  2 crimson imps
  2 centaur zombies
  A bullfrog zombie (D:6)
  3 quasits
  3 hounds
  23 orc priests
  A gnoll shaman (Orc:2)
  5 iguanas
  11 orc wizards
  7 worker ants
  A howler monkey zombie (D:10)
  4 gnolls (Orc:2)
  11 adders
  An ooze (D:1)
  2 adder skeletons
  A worm (D:2)
  A dart slug (D:2)
  5 leopard geckos
  65 orcs
  6 bats
  7 giant cockroaches
  10 goblins
  9 hobgoblins
  A jackal (D:2)
  13 kobolds
  2 quokkas
  A ball python (D:3)
  6 frilled lizards
  A leopard gecko zombie (D:7)
  8 rats
  A bush (Lair:3)
1030 creatures vanquished.

Vanquished Creatures (collateral kills)
  Mara (Spider:4)
  Arachne (Spider:2)
  Rupert (D:14)
  Kirke (Lair:5)
  Donald (Spider:3)
  2 fire giants
  3 vault wardens
  3 frost giants
  6 ironheart preservers
  A spriggan defender (Depths:1)
  8 very ugly things
  A deep elf demonologist (D:14)
  3 stone giants
  A vampire knight (Depths:1)
  2 spark wasps
  An ettin (Vaults:2)
  A deep elf death mage (Vaults:1)
  A minotaur (Depths:1)
  2 jiangshi (Depths:1)
  2 great orbs of eyes
  A yaktaur captain (Vaults:2)
  3 hydras
  An ice dragon (Vaults:2)
  Erolcha (D:9)
  5 ogre magi
  19 two-headed ogres
  A death knight (Vaults:1)
  3 catoblepae
  A death scarab (Spider:4)
  A vampire mage (Depths:1)
  3 alligators
  2 orc high priests (Orc:2)
  Nergalle (Orc:1)
  2 deep elf knights
  2 skeletal warriors (Vaults:2)
  An iron troll (Depths:2)
  A flayed ghost (Vaults:1)
  7 deep trolls
  3 unseen horrors
  A spriggan druid (Swamp:2)
  2 swamp dragons
  5 deep elf archers
  An infernal demonspawn (Orc:2)
  2 ironbrand convokers
  A necromancer (Vaults:3)
  6 orc knights
  A spectral wolf spider (Spider:4)
  3 wizards
  15 wolf spiders
  3 deep elf magi
  3 orb spiders
  2 orc sorcerers (Orc:2)
  22 ugly things
  3 manticores
  3 slime creatures (Vaults:2)
  3 elephants (Lair:6)
  3 torpor snails
  5 vault sentinels
  7 black mambas
  8 spiny frogs
  5 gargoyles
  2 kobold demonologists (D:12)
  4 centaur skeletons
  2 demonic crawlers
  3 komodo dragons
  2 rime drakes
  10 yaktaurs
  2 tengu conjurers
  A freezing wraith (Vaults:3)
  A hellwing (Orc:2)
  5 trolls
  9 hornets
  A tyrant leech (Swamp:2)
  7 jumping spiders
  3 blink frogs
  A spectral tarantella (Spider:4)
  A blink frog (shapeshifter) (Vaults:3)
  2 bog bodies
  3 spectral jumping spiders (Spider:4)
  5 dream sheep (Lair:3)
  5 hippogriffs
  A tarantella zombie (Spider:4)
  2 spriggans
  7 tarantellas
  A vampire (D:12)
  12 redbacks
  3 wyverns
  31 yaks
  A fire elemental (Spider:3)
  4 hungry ghosts
  8 vampire mosquitoes
  A warg (Orc:1)
  9 swamp worms
  A hell hound (Spider:3)
  18 water moccasins
  4 sky beasts
  19 orc warriors
  7 porcupines
  A spectral hornet (Spider:4)
  A hornet zombie (Spider:4)
  3 black bears
  2 phantoms
  3 ice beasts
  4 swamp drakes
  19 ogres
  5 centaurs
  5 boggarts
  22 wolves
  11 crocodiles
  A big kobold (D:12)
  12 bullfrogs
  A human simulacrum (Vaults:1)
  A water moccasin zombie (D:5)
  5 scorpions
  2 killer bees
  A water moccasin skeleton (D:7)
  A howler monkey (D:6)
  An electric eel (Lair:3)
  3 crimson imps
  2 centaur zombies
  A quasit (D:7)
  4 bullfrog zombies
  4 jellies
  4 hounds
  13 orc priests
  A bullfrog skeleton (D:6)
  13 orc wizards
  4 iguanas
  8 worker ants
  A hound skeleton (D:11)
  A gnoll (Orc:2)
  8 adders
  2 shadow imps
  4 oozes
  46 orcs
  5 jackals
  6 kobolds
  6 quokkas
  2 frilled lizards (D:2)
  A quokka skeleton (D:4)
  A bush (Lair:3)
  A plant (Lair:6)
644 creatures vanquished.

Vanquished Creatures (others)
  A kobold demonologist (D:12)
  A hornet (Vaults:4)
  A tarantella (Spider:2)
  A soldier ant (D:12)
  An ogre (Vaults:1)
  A bullfrog (D:12)
  A wight (D:15)
  An orc wizard (D:12)
  79 battlemagi
  A quokka (D:5)
  2 bushes
  17 fungi
  37 plants
144 creatures vanquished.

Grand Total: 1818 creatures vanquished

Notes
Turn   | Place    | Note
-------+----------+-------------------------------------------
     0 | D:1      | xgamer67 the Human Monk began the quest for the Orb.
     0 | D:1      | Reached XP level 1. HP: 18/18 MP: 1/1
   199 | D:1      | Reached XP level 2. HP: 13/24 MP: 2/2
   784 | D:1      | Reached XP level 3. HP: 30/30 MP: 3/3
  1812 | D:2      | Reached XP level 4. HP: 38/38 MP: 4/4
  2281 | D:3      | Found a hazy altar of Hepliaklqana.
  2295 | D:3      | Became a worshipper of Hepliaklqana the Forgotten
  2295 | D:3      | Reached * piety under Hepliaklqana
  2295 | D:3      | Reached ** piety under Hepliaklqana
  2296 | D:3      | Remembered your ancestor Agathoclea as a battlemage
  2324 | D:3      | Reached skill level 5 in Fighting
  2324 | D:3      | Reached XP level 5. HP: 27/39 MP: 5/5
  2705 | D:3      | Found a burning altar of Makhleb.
  2705 | D:3      | Noticed an Executioner
  3819 | D:4      | Noticed an ogre
  3873 | D:4      | Noticed an ogre
  3929 | D:4      | Reached XP level 6. HP: 45/45 MP: 6/6
  4027 | D:4      | Found a staircase to the Ecumenical Temple.
  4073 | D:4      | Killed an ogre
  4073 | D:4      | Reached skill level 5 in Dodging
  4497 | D:5      | Entered Level 5 of the Dungeon
  4565 | D:5      | Reached XP level 7. HP: 49/50 MP: 7/7
  4664 | D:5      | Found a white marble altar of Elyvilon.
  4666 | D:5      | Reached *** piety under Hepliaklqana
  5165 | D:5      | Found an ornate altar of the Wu Jian Council.
  5177 | D:5      | Reached XP level 8. HP: 43/55 MP: 8/8
  5262 | D:5      | Found a deep blue altar of Sif Muna.
  5298 | D:5      | Found a sacrificial altar of Ru.
  5521 | D:6      | Noticed a two-headed ogre
  5654 | D:6      | Got a jet-encrusted leather armour
  5691 | D:6      | Reached XP level 9. HP: 59/63 MP: 9/9
  5807 | D:6      | Identified the cursed +1 leather armour of the Sky {Slay+6} (You found it on level 6 of the Dungeon)
  6013 | D:7      | Reached **** piety under Hepliaklqana
  6130 | D:7      | Reached skill level 1 in Invocations
  6467 | D:7      | Reached skill level 10 in Dodging
  6658 | D:7      | Noticed a hornet
  6665 | D:7      | Paralysed by a hornet for 1 turns
  6667 | D:7      | Killed a hornet
  6941 | D:7      | Reached XP level 10. HP: 72/73 MP: 11/13
  7149 | D:8      | Found a shadowy altar of Dithmenos.
  7217 | D:8      | Reached skill level 5 in Invocations
  7273 | D:8      | Found a hide-covered altar of Uskayaw.
  7283 | D:8      | Noticed a two-headed ogre
  7290 | D:8      | Found an ancient bone altar of Kikubaaqudgha.
  7312 | D:8      | Killed a two-headed ogre
  7312 | D:8      | Reached skill level 10 in Fighting
  7467 | D:8      | Reached skill level 1 in Armour
  7488 | D:8      | Found a blossoming altar of Fedhas.
  7668 | D:8      | Found an iron altar of Okawaru.
  8134 | D:8      | Found a bloodstained altar of Trog.
  8439 | D:9      | Noticed Grum
  8449 | D:9      | Killed Grum
  8686 | D:9      | Noticed a two-headed ogre
  8979 | D:4      | Reached XP level 11. HP: 63/81 MP: 15/15
  9147 | D:4      | Found a glowing golden altar of the Shining One.
  9154 | D:4      | Found a glowing silver altar of Zin.
  9565 | D:9      | Noticed Erolcha
  9688 | D:10     | Entered Level 10 of the Dungeon
 10302 | D:10     | Reached ***** piety under Hepliaklqana
 10618 | D:11     | Found a labyrinth entrance.
 10938 | D:12     | Found a shimmering altar of Xom.
 11053 | D:12     | Reached skill level 10 in Invocations
 11080 | D:12     | Reached skill level 1 in Evocations
 11098 | D:12     | Noticed a red ugly thing
 11150 | D:12     | Killed a red ugly thing
 11168 | D:12     | Noticed a soul eater
 11254 | D:12     | Noticed a soul eater
 11533 | D:12     | Noticed a two-headed ogre
 11543 | D:12     | Killed a two-headed ogre
 11543 | D:12     | Reached skill level 5 in Evocations
 11552 | D:12     | Found a runed door.
 11572 | D:12     | Noticed a manticore
 11585 | D:12     | Killed a manticore
 11890 | D:12     | Identified a scroll of acquirement
 12022 | D:11     | Reached XP level 12. HP: 84/87 MP: 19/19
 12227 | D:11     | Killed an unseen horror
 12443 | D:9      | Killed a two-headed ogre
 12443 | D:9      | Reached skill level 1 in Bows
 12746 | D:9      | Reached skill level 2 in Bows
 12957 | D:9      | Reached skill level 3 in Bows
 13601 | D:9      | Reached skill level 4 in Bows
 13750 | D:9      | Found a staircase to the Orcish Mines.
 13805 | D:9      | Found a staircase to the Lair.
 13842 | D:9      | Reached skill level 5 in Bows
 14323 | D:11     | Reached skill level 6 in Bows
 14944 | D:12     | Found a runed door.
 15270 | D:12     | Reached skill level 7 in Bows
 15468 | D:12     | Noticed a two-headed ogre
 15471 | D:12     | Killed a two-headed ogre
 15555 | Lair:1   | Entered Level 1 of the Lair of Beasts
 15725 | Lair:1   | Reached skill level 8 in Bows
 16084 | Lair:1   | Reached XP level 13. HP: 68/92 MP: 20/20
 16356 | Lair:1   | Got a jewelled helmet
 16367 | Lair:1   | Identified the cursed -2 helmet of the Abyss {*Slow Dex+4 Slay+3} (You found it on level 1 of the Lair of Beasts)
 16456 | Lair:1   | Reached skill level 9 in Bows
 17189 | Lair:2   | Noticed a five-headed hydra
 17197 | Lair:2   | Killed a five-headed hydra
 17197 | Lair:2   | Reached skill level 10 in Bows
 18185 | Lair:3   | Noticed a catoblepas
 19006 | Lair:3   | Reached skill level 11 in Bows
 19089 | Lair:3   | Killed a catoblepas
 19565 | Lair:3   | Noticed an eight-headed hydra
 19577 | Lair:3   | Reached ****** piety under Hepliaklqana
 19745 | Lair:3   | Reached XP level 14. HP: 89/101 MP: 21/21
 20322 | Lair:3   | Found a staircase to the Swamp.
 20959 | Lair:3   | Reached skill level 12 in Bows
 22277 | Lair:4   | Got an ichor-stained chain mail
 22288 | Lair:4   | Identified the +5 chain mail "Opaxt" {Regen+} (You acquired it on level 4 of the Lair of Beasts)
 22432 | Lair:4   | Found a hole to the Spider Nest.
 22585 | Lair:4   | Found a snail-covered altar of Cheibriados.
 23074 | Lair:5   | Noticed Kirke
 23359 | Lair:5   | Noticed Urug
 23364 | Lair:5   | Killed Kirke
 23364 | Lair:5   | Reached skill level 13 in Bows
 23378 | Lair:5   | Killed Urug
 23744 | Lair:5   | Noticed Nessos
 23745 | Lair:5   | Found a staircase to the Slime Pits.
 23747 | Lair:5   | Noticed Nessos
 23747 | Lair:5   | Nessos changed into Nessos the faun
 23751 | Lair:5   | Killed Nessos the faun
 24157 | Lair:6   | Entered Level 6 of the Lair of Beasts
 24493 | Lair:6   | Reached XP level 15. HP: 108/108 MP: 22/22
 24576 | Lair:6   | Found a sacrificial altar of Ru.
 24977 | Lair:6   | Noticed Snorg
 24992 | Lair:6   | Killed Snorg
 24992 | Lair:6   | Reached skill level 14 in Bows
 26648 | D:13     | Noticed Sonja
 26735 | D:13     | Killed Sonja
 26735 | D:13     | Reached skill level 15 in Bows
 28148 | D:14     | Reached XP level 16. HP: 114/114 MP: 23/23
 28454 | D:14     | Reached skill level 16 in Bows
 29121 | D:14     | Noticed Rupert
 29673 | D:14     | Killed Rupert
 29859 | D:14     | Found a gate to the Vaults.
 29923 | D:15     | Entered Level 15 of the Dungeon
 30080 | D:15     | Reached skill level 10 in Evocations
 30433 | D:15     | Found Zoushuh's Distillery.
 30446 | D:15     | Reached skill level 17 in Bows
 30497 | D:15     | Found a staircase to the Depths.
 31330 | Orc:1    | Entered Level 1 of the Orcish Mines
 31765 | Orc:1    | Found Athriyhewk's Assorted Antiques.
 31905 | Orc:1    | Bought a scroll of identify for 58 gold pieces
 32051 | Orc:2    | Entered Level 2 of the Orcish Mines
 32110 | Orc:1    | Noticed Nergalle
 32118 | Orc:1    | Killed Nergalle
 32607 | Orc:2    | Found a staircase to the Elven Halls.
 33680 | Orc:2    | Found Yttitama's Distillery.
 33717 | Orc:2    | Reached XP level 17. HP: 83/119 MP: 24/24
 33872 | Orc:2    | Found Gywimn's General Store.
 34179 | Orc:2    | Bought 15 arrows for 36 gold pieces
 34399 | Orc:2    | Reached skill level 5 in Armour
 34509 | Orc:2    | Reached skill level 18 in Bows
 34600 | Orc:2    | Found Esueg's Antique Weapon Shoppe.
 34600 | Orc:2    | Found Vyuqeom's Gadget Emporium.
 34600 | Orc:2    | Found a one-way gate leading to the halls of Pandemonium.
 34604 | Orc:2    | Bought a fan of gales for 480 gold pieces
 34604 | Orc:2    | Bought a wand of paralysis (10/24) for 144 gold pieces
 34604 | Orc:2    | Bought a wand of digging (9/24) for 312 gold pieces
 34643 | Orc:2    | Bought a potion of agility for 64 gold pieces
 34643 | Orc:2    | Bought a potion of haste for 160 gold pieces
 34643 | Orc:2    | Bought a potion of berserk rage for 80 gold pieces
 34643 | Orc:2    | Bought a potion of berserk rage for 80 gold pieces
 34917 | Orc:1    | Bought a scroll of teleportation for 87 gold pieces
 34975 | D:9      | Killed Erolcha
 35070 | Swamp:1  | Entered Level 1 of the Swamp
 35870 | Swamp:1  | Noticed a thorn hunter
 35877 | Swamp:1  | Killed a thorn hunter
 38148 | Swamp:3  | Noticed Roxanne
 38160 | Swamp:3  | Killed Roxanne
 38164 | Swamp:3  | Reached skill level 19 in Bows
 38566 | Swamp:4  | Entered Level 4 of the Swamp
 38890 | Swamp:4  | Noticed a thorn hunter
 38896 | Swamp:4  | Killed a thorn hunter
 38896 | Swamp:4  | Reached XP level 18. HP: 96/126 MP: 25/25
 40577 | Swamp:4  | Got a decaying rune of Zot
 40915 | Spider:1 | Entered Level 1 of the Spider Nest
 40944 | Spider:1 | Noticed Asterion
 41164 | Spider:1 | Killed Asterion
 41164 | Spider:1 | Reached skill level 20 in Bows
 41735 | Spider:1 | Reached skill level 10 in Armour
 42577 | Spider:2 | Noticed Arachne
 42593 | Spider:2 | Killed Arachne
 43168 | Spider:2 | Reached XP level 19. HP: 131/131 MP: 26/26
 44144 | Spider:3 | Noticed Azrael
 44153 | Spider:3 | Killed Azrael
 44503 | Spider:3 | Noticed Donald
 44508 | Spider:3 | Killed Donald
 44723 | Spider:4 | Entered Level 4 of the Spider Nest
 45045 | Spider:4 | Noticed Mara
 45060 | Spider:4 | Killed Mara
 45063 | Spider:4 | Noticed Aizul
 46252 | Spider:4 | Reached skill level 15 in Dodging
 47206 | Spider:4 | Killed Aizul
 47879 | Spider:4 | Reached XP level 20. HP: 127/137 MP: 27/27
 48049 | Spider:4 | Got a gossamer rune of Zot
 48832 | Vaults:1 | Entered Level 1 of the Vaults
 51170 | Vaults:1 | Paralysed by a sphinx for 3 turns
 51814 | Vaults:2 | Reached XP level 21. HP: 119/148 MP: 28/28
 52963 | Vaults:2 | Noticed Mennas
 52971 | Vaults:2 | Noticed Bai Suzhen
 52985 | Vaults:2 | Killed Bai Suzhen
 53373 | Vaults:2 | Reached skill level 5 in Stealth
 53646 | Vaults:2 | Reached skill level 15 in Fighting
 54597 | Vaults:2 | Found Tyketz's Magic Scroll Shoppe.
 54604 | Vaults:2 | Bought a scroll of enchant weapon for 142 gold pieces
 54604 | Vaults:2 | Bought a scroll of magic mapping for 66 gold pieces
 54604 | Vaults:2 | Bought a scroll of recharging for 180 gold pieces
 54604 | Vaults:2 | Bought a scroll of identify for 38 gold pieces
 54604 | Vaults:2 | Bought a scroll of identify for 38 gold pieces
 54604 | Vaults:2 | Bought 2 scrolls of recharging for 361 gold pieces
 56090 | Vaults:3 | Noticed Frederick
 56098 | Vaults:3 | Killed Frederick
 56402 | Vaults:3 | Reached XP level 22. HP: 120/158 MP: 29/29
 57121 | Vaults:3 | Found Dicwal's Jewellery Boutique.
 57333 | Vaults:3 | Found a staircase to the Crypt.
 57832 | Vaults:4 | Noticed Margery
 58064 | Vaults:4 | Found Agudit's Antique Armour Emporium.
 59408 | Vaults:4 | Bought a jewelled scale mail for 279 gold pieces
 59422 | Vaults:4 | Identified the +2 scale mail "Kyclaz" {Str+2} (You bought it in a shop on level 4 of the Vaults)
 59433 | Vaults:4 | Bought a slimy plate armour for 868 gold pieces
 59443 | Vaults:4 | Identified the +3 plate armour of Yredelemnul's Regard {rC+ MR+ Regen+} (You bought it in a shop on level 4 of the Vaults)
 59744 | Depths:1 | Entered Level 1 of the Depths
 60116 | Depths:1 | Found Exof Loo's Antique Armour Shop.
 60126 | Depths:1 | Bought a cloak for 103 gold pieces
 60126 | Depths:1 | Bought a slimy chain mail for 218 gold pieces
 60126 | Depths:1 | Bought a pair of shimmering boots for 218 gold pieces
 60141 | Depths:1 | Identified the +7 chain mail "Dashuw" {+Inv rN++ Int-5} (You bought it in a shop on level 1 of the Depths)
 60173 | Depths:1 | Identified the +4 pair of boots of the Desolation of Salt {rN+ MR+ Str-5 Int+3} (You bought it in a shop on level 1 of the Depths)
 62069 | Depths:1 | Reached XP level 23. HP: 168/168 MP: 30/30
 62177 | Depths:1 | Found a gateway to Hell.
 63197 | Depths:2 | Reached skill level 15 in Armour
 63201 | Depths:2 | Reached skill level 1 in Long Blades
 63240 | Depths:2 | Learned a level 1 spell: Summon Butterflies
 63293 | Depths:2 | Found a gateway to a ziggurat.
 63439 | Depths:2 | Slain by an iron troll

Vault maps used:
D:1:      evilmike_arrival_hilbert_curve, minmay_misc_feat_ornament
D:3:      lemuel_doored_altar, makhleb_altar_promises_db
D:4:      amethyst_overflow_temple_binary, minmay_temple_entry_nine_rooms
D:5:      led_sif_pool, nicolae_ru_awakened_eye, elyvilon_altar_4,
          old_standard_altar, first_bread
D:7:      serial_column_ruins, column_ruins_open_tiny, column_ruins_grid_1,
          column_ruins_grid_1, column_ruins_grid_1
D:8:      lemuel_crystal_altar, kennysheep_little_box, okawaru_gym_becter,
          kiku_gazebo_garden_becter, grunt_dithmenos_smoke, trog_book
D:9:      minmay_lair_entry_grove, david_orc_3, enter_bailey_2,
          kennysheep_nondescript, the_bakery, uniq_erolcha, uniq_grum
D:11:     lab_entry_generic
D:12:     cheibrodos_histonic, xom_confusion_cloud
D:13:     uniq_sonja
D:14:     david_vaults_5, minmay_misc_feat_x, uniq_rupert
D:15:     grunt_enter_depths_hoard, hangedman_decor_points, wad_woods_river_04,
          st_stairs_8, minmay_shop_grid_forest
Lair:1:   cheibrodos_lair_reptile_den, grunt_megastairs_5
Lair:2:   ldierk_geyser
Lair:3:   nicolae_swamp_entry_splash_gauntlet, minmay_hedge_maze, st_stairs_4,
          grunt_forest_large_clearings
Lair:4:   nicolae_spider_entry_non_spiders, kennysheep_snail_temple
Lair:5:   nicolae_slime_entry_slimehenge, uniq_kirke, uniq_nessos, uniq_urug
Lair:6:   evilmike_catoblepas_cave, basic_altar, pond, uniq_snorg
Swamp:1:  nicolae_swamp_dense_foliage, swamp_pool1
Swamp:2:  evilmike_swamp_ruin_house_1, swamp_pool1
Swamp:3:  nicolae_swamp_feature_on_the_river_bank, infiniplex_staircase_pool,
          uniq_roxanne
Swamp:4:  swamp, swamp_pool1, nicolae_swamp_rocky_clearing,
          infiniplex_staircase_pool_2
Spider:1: uniq_asterion
Spider:2: uniq_arachne
Spider:3: hangedman_spider_tarantella_strand, uniq_azrael, uniq_donald
Spider:4: floodkiller_spider_rune_tomb, uniq_mara, uniq_aizul
Orc:1:    serial_shops, shop_fountains, nicolae_orc_flooded_monolith,
          uniq_nergalle
Orc:2:    pf_orc_diabolical
Vaults:1: serial_ice_b, v_misc_18, v_misc_32, dpeg_vaults_monster_row,
          vaults_mumra_lcd, vaults_room_grid
Vaults:2: ontoclasm_vaults_gallery, hangedman_vaults_cutoff,
          hangedman_vaults_hat, nicolae_vaults_what_the_h,
          nicolae_vaults_angled_halls, nicolae_vaults_network_barrier,
          vaults_room_mumra_shop_pool, ontoclasm_vaults_loading_screen,
          nicolae_vaults_alarming, uniq_mennas, uniq_bai_suzhen
Vaults:3: vaults_dpeg_hooks, vaults_room_octagon, v_rooms_1,
          ontoclasm_vaults_ring_large, vaults_room_corners, v_alt_pattern_4,
          minmay_crypt_entry_simple_box, vaults_dpeg_doors,
          ontoclasm_vaults_shuriken, nicolae_vaults_ring_of_whatevers,
          nicolae_vaults_little_squares_4, hangedman_vaults_stitches,
          hangedman_vaults_cutoff, nicolae_vaults_stairing_the_circle,
          v_misc_23, vaults_mumra_chevron, serial_shops, nicolae_shop_stone,
          uniq_frederick
Vaults:4: ontoclasm_vaults_misaligned, nicolae_vaults_hallways_thing,
          v_alt_pattern_3, hangedman_vaults_river_flow, ontoclasm_vaults_bender,
          nicolae_vaults_little_squares_3, vaults_room_fancy_cross,
          v_alt_pattern_1, nicolae_vaults_network_s, v_misc_2,
          vaults_room_hallway, serial_shops, shop, uniq_margery
Depths:1: minmay_misc_feat_square, serial_shops, shop, hell_entry,
          wheals_unrand_guarded_autumn_katana
Depths:2: regret_index_qazlal_generations, enter_ziggurat_a, hell_entry,
          rand_demon_pan_entry_4, hangedman_decor_peaks_small,
          infiniplex_staircase_zigzag_4

Skill      XL: |  1  2  3  4  5  6  7  8  9 10 11 12 13 14 15 16 17 18 19 20 21 22 23 |
---------------+----------------------------------------------------------------------+-----
Fighting       | 4 5 6 8 10 11 12 14 15 17 | 17.0
Dodging        | 4 5 7 9 10 11 12 13 15 17 19 | 19.0
Invocations    | 4 6 10 | 10.0
Armour         | 4 8 10 13 15 | 15.0
Evocations     | 6 8 9 10 | 10.5
Bows           | 8 11 13 15 17 19 20 | 20.0
Stealth        | 7 |  7.0
Long Blades    | 4 |  4.8
Maces & Flails | |  3.0

Action                   |  1- 3 |  4- 6 |  7- 9 | 10-12 | 13-15 | 16-18 | 19-21 | 22-24 || total
-------------------------+-------+-------+-------+-------+-------+-------+-------+-------++-------
Melee: Mace              |    96 |    48 |       |       |       |       |       |       ||   144
       War axe           |       |    98 |   174 |   281 |       |       |       |       ||   553
       Flail             |       |       |       |   230 |   460 |       |       |       ||   690
       Demon trident     |       |       |       |       |   255 |   153 |   215 |    54 ||   677
       Katana            |       |       |       |       |       |       |       |    50 ||    50
 Fire: Longbow           |       |       |       |     6 |   245 |   961 |   904 |   441 ||  2557
Throw: Tomahawk          |     3 |     5 |       |     1 |       |       |       |       ||     9
Invok: Ancestor Life: Ba |       |     1 |       |       |       |       |       |       ||     1
       Recall Ancestor   |       |       |       |     4 |     4 |     1 |     1 |     1 ||    11
       Idealise          |       |       |       |       |       |     1 |       |     1 ||     2
Evoke: Wand              |       |       |     1 |     8 |     5 |     7 |     5 |     1 ||    27
       Fan of gales      |       |       |       |       |       |       |     2 |       ||     2
       Lamp of fire      |       |       |       |       |       |       |       |     1 ||     1
  Use: Scroll            |       |     9 |     6 |    11 |    12 |    13 |    14 |     4 ||    69
       Potion            |       |       |       |     2 |     3 |     4 |     5 |     2 ||    16
 Stab: Distracted        |     1 |       |     1 |     7 |     8 |     2 |     1 |     1 ||    21
       Sleeping          |     1 |     8 |     3 |     6 |    12 |     1 |     1 |     1 ||    33
  Eat: Chunk             |     5 |    20 |     6 |    45 |    42 |    42 |    33 |    21 ||   214
       Royal jelly       |       |       |       |       |       |       |     5 |       ||     5
Armor: Leather armour    |    21 |     2 |    29 |   215 |   305 |   153 |    98 |    14 ||   837
       Steam dragon scal |       |    54 |    57 |       |       |       |       |       ||   111
       Chain mail        |       |       |       |       |       |       |       |    80 ||    80
Dodge: Dodged            |    67 |   105 |   242 |   636 |  1012 |   443 |   536 |   252 ||  3293
       Rpst.: Katana     |       |       |       |       |       |       |       |    12 ||    12
